[Event "42nd Olympiad Baku 2016 Open"]
[Site "Baku"]
[Date "2016.09.02"]
[Round "1.2"]
[White "Maharjan, Sajin"]
[Black "Blomqvist, Erik"]
[Result "0-1"]
[ECO "B23"]
[WhiteElo "2034"]
[BlackElo "2545"]
[PlyCount "62"]
[EventDate "2016.??.??"]
[EventCountry "AZE"]
[WhiteTeam "Nepal"]
[BlackTeam "Schweden"]
[WhiteTeamCountry "NEP"]
[BlackTeamCountry "SWE"]
[TimeControl "40/5400+30:1800+30"]
[WhiteClock "0:01:00"]
[BlackClock "0:10:00"]

1. e4 {(00:00} c5 {(00:00} 2. Nc3 {(00:35} a6 {(
00:39} 3. Nf3 {(00:47} e6 {(00:30} 4. g3 {(04:33} b5 {
(00:27} 5. Bg2 {(00:33} Bb7 {(00:15} 6. Qe2 {(
02:26} Nc6 {(05:13} 7. O-O {(09:42} d6 {(01:52} 8. Nd1
{(05:47} g6 {(09:40} 9. d3 {(12:47} Bg7 {(00:22]
} 10. Bg5 {(02:19} Nge7 {(00:50} 11. Qd2 {(05:56} h6 {
(04:46} 12. Be3 {(05:32} f5 {(08:13} 13. e5 {(
18:35} Nxe5 {(14:06} 14. Nxe5 {(02:23} Bxg2 {(03:59}
15. Nxg6 {(02:55} Bxf1 {(01:01} 16. Nxh8 {(00:07} Bh3 {
(01:21} 17. Qe2 {(01:04} Kd7 {(07:18} 18. f3 {(
09:00} Qxh8 {(00:44} 19. Nf2 {(01:31} Nd5 {(04:02} 20.
Re1 {(03:46} Nxe3 {(05:13} 21. Qxe3 {(00:27} f4 {
(00:32} 22. Qe4 {(02:49} d5 {(00:42} 23. Qg6 {(
00:21} Bd4 {(09:53} 24. c3 {(03:44} Bxf2+ {(02:42} 25.
Kxf2 {(00:02} Re8 {(03:50} 26. Qf7+ {(02:25} Re7 {
(00:14} 27. Qxf4 {(00:08} Bf5 {(00:19} 28. d4 {(
00:40} c4 {(03:21} 29. a4 {(02:24} bxa4 {(02:31} 30.
Ra1 {(00:34} Bc2 {(00:35} 31. Qd2 {(00:38} Qh7 {
(00:20} 0-1

[Event "42nd Olympiad Baku 2016 Open"]
[Site "Baku"]
[Date "2016.09.02"]
[Round "1.13"]
[White "Mamedyarov, Shakhriyar"]
[Black "Makoto, Rodwell"]
[Result "1-0"]
[ECO "D35"]
[WhiteElo "2761"]
[BlackElo "2405"]
[PlyCount "103"]
[EventDate "2016.??.??"]
[EventCountry "AZE"]
[WhiteTeam "Aserbeidschan"]
[BlackTeam "Simbabwe"]
[WhiteTeamCountry "AZE"]
[BlackTeamCountry "ZIM"]
[TimeControl "40/5400+30:1800+30"]
[WhiteClock "0:14:32"]
[BlackClock "0:22:15"]

1. d4 {(00:00} Nf6 {(00:42} 2. c4 {(00:00} e6 {(
00:06} 3. Nc3 {(00:00} d5 {(00:07} 4. cxd5 {(00:00}
exd5 {(00:04} 5. Bg5 {(00:08} Bb4 {(00:09} 6. e3 {
(00:17} Qd6 {(00:48} 7. f3 {(02:27} c5 {(03:56}
8. dxc5 {(03:06} Qxc5 {(00:37} 9. Rc1 {(04:11} Nc6 {
(13:43} 10. a3 {(01:21} d4 {(10:45} 11. Bxf6 {(
00:58} dxc3 {(00:10} 12. Kf2 {(01:11} gxf6 {(02:44}
13. axb4 {(01:44} Qxb4 {(02:05} 14. bxc3 {(00:02} Qc5 {
(00:55} 15. Ne2 {(00:05} O-O {(02:19} 16. Nd4 {(
00:01} Re8 {(01:57} 17. Bd3 {(02:30} Bd7 {(11:55} 18.
f4 {(09:58} Rac8 {(10:55} 19. Qf3 {(02:51} f5 {(
06:13} 20. Rhd1 {(07:49} Nxd4 {(05:18} 21. cxd4 {(01:
12} Qe7 {(00:05} 22. Ra1 {(10:30} a6 {(04:33} 23. Ra5
{(00:09} Qh4+ {(00:52} 24. Kg1 {(05:01} Rc3 {(
01:52} 25. g3 {(09:23} Qh3 {(02:59} 26. Qf2 {(08:24}
Rec8 {(03:32} 27. Bf1 {(05:23} Qg4 {(01:33} 28. Be2 {
(00:03} Qh3 {(01:02} 29. Rc5 {(03:35} Rc2 {(04:
49} 30. Rxc8+ {(11:31} Bxc8 {(00:06} 31. Qe1 {(00:06}
Bd7 {(01:32} 32. Rd2 {(00:29} Rc3 {(01:34} 33. Bf3 {
(06:22} b5 {(01:04} 34. Rb2 {(01:25} Rc4 {(00:
40} 35. Bd5 {(01:53} Rc7 {(00:51} 36. Ra2 {(02:12} b4
{(02:18} 37. Qb1 {(01:24} Rc3 {(01:27} 38. Rxa6 {
(00:31} Rxe3 {(01:32} 39. Ra8+ {(00:46} Kg7 {(
00:06} 40. Qxb4 {(00:00} Be8 {(00:00} 41. Qd2 {(04:10}
Re7 {(02:48} 42. Bf3 {(01:06} Bb5 {(01:48} 43. Ra1 {
(01:03} Ra7 {(01:41} 44. Rb1 {(05:39} Bc4 {(01:
54} 45. Bg2 {(00:11} Qh6 {(00:16} 46. Qc3 {(00:54} Be2
{(04:27} 47. d5+ {(02:08} Qf6 {(00:06} 48. Qxf6+ {
(02:15} Kxf6 {(00:06} 49. Rb6+ {(00:04} Ke7 {(
00:16} 50. Kf2 {(03:05} Ra2 {(00:16} 51. Ke3 {(00:19}
Ba6 {(01:42} 52. d6+ {(01:36} 1-0

[Event "42nd Olympiad Baku 2016 Open"]
[Site "Baku"]
[Date "2016.09.02"]
[Round "1.14"]
[White "Mandizha, Farai"]
[Black "Radjabov, Teimour"]
[Result "0-1"]
[ECO "A05"]
[WhiteElo "2357"]
[BlackElo "2722"]
[PlyCount "50"]
[EventDate "2016.??.??"]
[EventCountry "AZE"]
[WhiteTeam "Simbabwe"]
[BlackTeam "Aserbeidschan"]
[WhiteTeamCountry "ZIM"]
[BlackTeamCountry "AZE"]
[TimeControl "40/5400+30:1800+30"]
[WhiteClock "0:07:10"]
[BlackClock "0:10:05"]

1. Nf3 {(00:00} Nf6 {(00:00} 2. c4 {(00:00} c6 {
(03:11} 3. Nc3 {(02:39} d5 {(00:06} 4. d4 {(00:
44} a6 {(00:38} 5. a4 {(04:18} g6 {(07:36} 6. Bf4 {
(05:45} Bg7 {(01:24} 7. e3 {(00:07} O-O {(01:20]
} 8. h3 {(00:16} Qb6 {(11:40} 9. Ra3 {(05:47} Ne4 {
(07:48} 10. Qc2 {(03:49} Nxc3 {(14:22} 11. a5 {(
01:39} Bf5 {(07:48} 12. Qxc3 {(03:49} Qa7 {(01:22} 13.
Qb4 {(03:04} c5 {(15:17} 14. dxc5 {(20:07} Rc8 {
(05:46} 15. Rb3 {(13:51} Nd7 {(03:54} 16. Nd4 {(
06:27} Nxc5 {(02:35} 17. Nxf5 {(00:27} gxf5 {(00:04}
18. Ra3 {(00:58} Ne4 {(01:35} 19. Qxe7 {(08:43} Bf8 {
(02:20} 20. Qe5 {(01:14} Bxa3 {(01:19} 21. bxa3 {
(00:02} Qc5 {(00:09} 22. Qxf5 {(11:28} Qxa5+ {(
00:32} 23. Ke2 {(00:02} Qd2+ {(00:31} 24. Kf3 {(00:02}
Qxf2+ {(00:21} 25. Kg4 {(00:02} h5+ {(00:47} 0-1

[Event "42nd Olympiad Baku 2016 Open"]
[Site "Baku"]
[Date "2016.09.02"]
[Round "1.17"]
[White "Mannhart, Marcel"]
[Black "Morovic Fernandez, Ivan"]
[Result "0-1"]
[ECO "C29"]
[WhiteElo "2128"]
[BlackElo "2554"]
[PlyCount "122"]
[EventDate "2016.??.??"]
[EventCountry "AZE"]
[WhiteTeam "Liechtenstein"]
[BlackTeam "Chile"]
[WhiteTeamCountry "LIE"]
[BlackTeamCountry "CHI"]
[TimeControl "40/5400+30:1800+30"]
[WhiteClock "0:07:35"]
[BlackClock "0:08:13"]

1. Nc3 {(00:00} Nf6 {(00:12} 2. e4 {(00:00} e5 {
(00:16} 3. f4 {(00:27} d5 {(00:12} 4. fxe5 {(00:
29} Nxe4 {(00:07} 5. Nf3 {(03:51} Be7 {(01:42} 6. d3 {
(04:04} Nxc3 {(01:37} 7. bxc3 {(00:17} O-O {(02:
51} 8. d4 {(04:54} c5 {(07:07} 9. Bd3 {(08:38} Nc6 {
(03:28} 10. O-O {(00:26} c4 {(13:19} 11. Bxh7+ {
(12:04} Kxh7 {(00:43} 12. Ng5+ {(00:15} Kg6 {(
14:46} 13. h4 {(00:47} Bxg5 {(01:07} 14. Bxg5 {(00:55}
f6 {(02:37} 15. Qf3 {(05:53} fxg5 {(10:08} 16. h5+ {
(01:24} Kh7 {(03:50} 17. Qxf8 {(00:37} Be6 {(00:
39} 18. Qxd8 {(07:29} Rxd8 {(00:07} 19. Rf2 {(04:01}
Kh6 {(03:27} 20. Rb1 {(11:31} b6 {(02:02} 21. Rbf1 {
(00:19} Kxh5 {(02:30} 22. Rf8 {(01:38} Kg6 {(02:
24} 23. Rxd8 {(03:52} Nxd8 {(00:04} 24. Rf8 {(00:21}
Nc6 {(01:09} 25. Kf2 {(00:51} Bf5 {(06:42} 26. a3 {
(07:02} b5 {(08:00} 27. Kf3 {(02:20} Be4+ {(07:
11} 28. Kf2 {(00:16} Bf5 {(00:17} 29. Kf3 {(00:05} a5
{(01:02} 30. Ra8 {(00:26} Kf7 {(00:46} 31. Ke3 {
(04:53} Ke7 {(02:22} 32. Rg8 {(01:48} g6 {(00:
55} 33. Rg7+ {(00:18} Kd8 {(00:50} 34. Rb7 {(03:17}
Bxc2 {(01:35} 35. Rxb5 {(00:25} Be4 {(00:08} 36. g3 {
(00:32} Kc7 {(00:33} 37. Rb2 {(00:26} a4 {(00:
39} 38. Rf2 {(00:43} Bf5 {(00:12} 39. Kd2 {(01:18} g4
{(00:50} 40. Rh2 {(00:00} Nd8 {(00:00} 41. Rh7+ {
(05:18} Kb6 {(06:29} 42. Rh8 {(01:57} Nf7 {(03:
47} 43. Rb8+ {(00:27} Kc7 {(02:08} 44. Rb5 {(03:34}
Be6 {(01:13} 45. Ra5 {(01:49} Ng5 {(00:51} 46. Rxa4 {
(00:30} Ne4+ {(00:20} 47. Ke3 {(00:14} Nxc3 {(
03:00} 48. Ra7+ {(03:50} Kb6 {(00:14} 49. Ra8 {(05:08}
Ne4 {(01:51} 50. Re8 {(00:24} Bf5 {(03:19} 51. e6 {
(04:21} c3 {(01:10} 52. Rb8+ {(11:58} Kc7 {(01:
06} 53. Rb1 {(00:16} Bxe6 {(01:44} 54. Kf4 {(00:29}
Bf5 {(01:27} 55. Rc1 {(01:26} Kb6 {(03:38} 56. Ke5 {
(00:13} Kb5 {(00:35} 57. Kxd5 {(00:32} c2 {(00:
43} 58. Rxc2 {(01:19} Nf6+ {(00:06} 59. Ke5 {(00:06}
Nd7+ {(00:03} 60. Kd6 {(00:06} Bxc2 {(00:04} 61. Kxd7 {
(00:06} Kc4 {(00:03} 0-1

[Event "42nd Olympiad Baku 2016 Open"]
[Site "Baku"]
[Date "2016.09.02"]
[Round "1.18"]
[White "Mansour, Sameer"]
[Black "Kryvoruchko, Yuriy"]
[Result "0-1"]
[ECO "A46"]
[WhiteElo "2245"]
[BlackElo "2693"]
[PlyCount "80"]
[EventDate "2016.??.??"]
[EventCountry "AZE"]
[WhiteTeam "Jordanien"]
[BlackTeam "Ukraine"]
[WhiteTeamCountry "JOR"]
[BlackTeamCountry "UKR"]
[TimeControl "40/5400+30:1800+30"]
[WhiteClock "0:32:01"]
[BlackClock "0:55:53"]

1. d4 {(00:00} Nf6 {(00:00} 2. Nf3 {(00:16} e6 {
(00:14} 3. e3 {(01:09} b6 {(01:29} 4. Bd3 {(00:
48} Bb7 {(00:16} 5. Nbd2 {(01:43} c5 {(03:47} 6. O-O {
(03:05} d6 {(04:04} 7. c3 {(06:32} Be7 {(02:42}
8. Re1 {(11:09} O-O {(06:37} 9. e4 {(01:37} cxd4 {
(04:02} 10. cxd4 {(00:21} Ba6 {(04:05} 11. Bxa6 {
(10:27} Nxa6 {(00:07} 12. Qa4 {(01:25} Qc8 {(02:
49} 13. Nf1 {(08:42} d5 {(06:55} 14. e5 {(00:43} Ne4 {
(00:19} 15. Bd2 {(06:11} Qb7 {(06:33} 16. Rec1 {
(01:12} Nxd2 {(05:16} 17. N1xd2 {(01:58} Rac8 {(
00:15} 18. a3 {(02:49} Nb8 {(01:29} 19. b4 {(03:51}
Rc7 {(05:46} 20. Rxc7 {(07:12} Qxc7 {(00:03} 21. Qd1 {
(01:24} Rc8 {(04:33} 22. Nb3 {(01:32} Qd7 {(02:
07} 23. Rc1 {(01:13} Rxc1 {(08:09} 24. Qxc1 {(01:35}
Qa4 {(04:17} 25. Qc8+ {(07:23} Bf8 {(00:04} 26. Qxb8 {
(04:18} Qxb3 {(00:13} 27. h4 {(00:21} Qxa3 {(01:
07} 28. b5 {(02:46} h6 {(00:11} 29. Qc8 {(02:37} Qa4 {
(01:35} 30. g4 {(05:50} Qxb5 {(00:35} 31. g5 {(
00:07} Qb1+ {(02:31} 32. Kg2 {(02:12} Qe4 {(00:08} 33.
gxh6 {(01:48} Qg4+ {(00:12} 34. Kf1 {(00:03} Qxf3 {
(00:25} 35. h7+ {(00:11} Kxh7 {(00:03} 36. Qxf8 {
(00:10} a5 {(00:13} 37. Qd8 {(00:21} Qd1+ {(00:
27} 38. Kg2 {(00:08} Qxd4 {(00:17} 39. Qg5 {(01:17}
Qe4+ {(00:06} 40. Kg3 {(00:00} Qg6 {(00:00} 0-1

[Event "42nd Olympiad Baku 2016 Open"]
[Site "Baku"]
[Date "2016.09.02"]
[Round "1.13"]
[White "Mareco, Sandro"]
[Black "Elliott, Warren"]
[Result "1-0"]
[ECO "A43"]
[WhiteElo "2606"]
[BlackElo "2238"]
[PlyCount "51"]
[EventDate "2016.??.??"]
[EventCountry "AZE"]
[WhiteTeam "Argentinien"]
[BlackTeam "Jamaika"]
[WhiteTeamCountry "ARG"]
[BlackTeamCountry "JAM"]
[TimeControl "40/5400+30:1800+30"]
[WhiteClock "0:54:41"]
[BlackClock "0:00:32"]

1. Nf3 {(00:00} Nf6 {(00:00} 2. d4 {(00:00} c5 {
(00:00} 3. d5 {(00:00} b5 {(00:15} 4. Bg5 {(00:
00} Qb6 {(00:17} 5. e3 {(00:00} g6 {(01:14} 6. d6 {
(00:22} Bg7 {(10:17} 7. Nc3 {(00:41} a6 {(27:21]
} 8. dxe7 {(09:01} Bb7 {(08:16} 9. a4 {(03:42} b4 {
(04:56} 10. a5 {(02:13} Qe6 {(05:38} 11. Na4 {(
00:11} Ne4 {(10:02} 12. Bh4 {(00:12} d6 {(06:31} 13.
Bd3 {(05:19} Nd7 {(02:24} 14. O-O {(00:52} h6 {(
02:32} 15. Bxe4 {(17:57} Bxe4 {(00:11} 16. c3 {(00:10}
g5 {(09:53} 17. Bg3 {(00:18} Kxe7 {(01:19} 18. cxb4 {
(00:13} cxb4 {(02:19} 19. Nd4 {(04:12} Qd5 {(01:
38} 20. f3 {(00:09} Bg6 {(02:43} 21. Rc1 {(00:16} Bxd4
{(01:56} 22. Qxd4 {(01:49} Qxd4 {(00:13} 23. exd4 {
(00:04} Rhc8 {(01:00} 24. Rfe1+ {(00:12} Kf6 {(
00:32} 25. Bxd6 {(00:06} Bc2 {(00:31} 26. Nb6 {(00:20}
1-0

[Event "42nd Olympiad Baku 2016 Open"]
[Site "Baku"]
[Date "2016.09.02"]
[Round "1.8"]
[White "Marjanovic, Dejan"]
[Black "Hanoeman, Suradj"]
[Result "1-0"]
[ECO "E15"]
[WhiteElo "2432"]
[BlackElo "2012"]
[PlyCount "51"]
[EventDate "2016.??.??"]
[EventCountry "AZE"]
[WhiteTeam "Bosnien  Herzegowina"]
[BlackTeam "Surinam"]
[WhiteTeamCountry "BIH"]
[BlackTeamCountry "SUR"]
[TimeControl "40/5400+30:1800+30"]
[WhiteClock "0:44:03"]
[BlackClock "0:30:57"]

1. d4 {(00:00} Nf6 {(00:19} 2. c4 {(00:00} e6 {(
01:22} 3. Nf3 {(00:07} b6 {(00:39} 4. g3 {(00:34} Bb7
{(00:12} 5. Bg2 {(00:15} c5 {(01:34} 6. d5 {(02:
36} exd5 {(11:05} 7. Nh4 {(01:53} g6 {(01:01} 8. Nc3 {
(02:01} a6 {(01:30} 9. O-O {(13:19} Bg7 {(02:31]
} 10. a4 {(06:12} O-O {(01:13} 11. cxd5 {(01:09} d6 {
(00:32} 12. e4 {(00:33} Nbd7 {(01:02} 13. Nf3 {(
00:56} Re8 {(01:05} 14. Nd2 {(00:19} Ne5 {(07:12} 15.
Qc2 {(02:24} b5 {(06:23} 16. axb5 {(00:21} axb5 {
(00:06} 17. Rxa8 {(00:11} Bxa8 {(01:23} 18. Nxb5 {
(00:25} Qb6 {(00:36} 19. Na3 {(00:28} Nfd7 {(03:
30} 20. Nac4 {(11:36} Qa6 {(02:33} 21. Rd1 {(09:47}
Ng4 {(13:15} 22. h3 {(01:41} Nge5 {(02:46} 23. Bf1 {
(00:29} Nxc4 {(01:53} 24. Nxc4 {(00:31} Rb8 {(
06:07} 25. Bf4 {(00:28} Qa2 {(01:44} 26. Bxd6 {(00:42}
1-0

[Event "42nd Olympiad Baku 2016 Open"]
[Site "Baku"]
[Date "2016.09.02"]
[Round "1.9"]
[White "Markus, Robert"]
[Black "Harper, Ryan"]
[Result "1-0"]
[ECO "A57"]
[WhiteElo "2662"]
[BlackElo "2215"]
[PlyCount "81"]
[EventDate "2016.??.??"]
[EventCountry "AZE"]
[WhiteTeam "Serbien"]
[BlackTeam "TTO"]
[WhiteTeamCountry "SRB"]
[TimeControl "40/5400+30:1800+30"]
[WhiteClock "0:34:01"]
[BlackClock "0:30:52"]

1. d4 {(00:00} Nf6 {(00:00} 2. c4 {(00:00} c5 {(
00:00} 3. d5 {(00:01} b5 {(00:00} 4. Nd2 {(02:38} Qa5
{(03:33} 5. Qc2 {(08:32} bxc4 {(06:05} 6. e4 {(
00:08} Na6 {(13:02} 7. Bxc4 {(02:27} e6 {(10:12} 8.
dxe6 {(07:01} fxe6 {(00:10} 9. e5 {(01:55} Nb4 {
(12:55} 10. Qd1 {(06:05} Nfd5 {(00:32} 11. Ngf3 {
(00:07} Be7 {(11:19} 12. O-O {(01:43} Ba6 {(08:
41} 13. Nb3 {(10:06} Qa4 {(02:15} 14. Bxa6 {(09:35}
Nxa6 {(06:25} 15. Bg5 {(01:04} c4 {(05:57} 16. Bxe7 {
(04:38} Nxe7 {(02:43} 17. Nbd2 {(06:57} Qxd1 {(
04:54} 18. Rfxd1 {(00:08} O-O {(02:21} 19. Nxc4 {(00:
43} Nd5 {(00:18} 20. Nd6 {(06:29} Rab8 {(00:32} 21.
Rd2 {(00:37} Rf4 {(01:07} 22. Nd4 {(03:15} Nab4 {
(00:20} 23. g3 {(07:50} Rxd4 {(00:56} 24. Rxd4 {
(00:06} Nc2 {(00:04} 25. Rxd5 {(05:05} exd5 {(
00:06} 26. Rb1 {(00:03} Nb4 {(00:35} 27. Rd1 {(02:54}
Nxa2 {(01:12} 28. Rxd5 {(00:16} Rxb2 {(00:19} 29. Ra5 {
(00:24} h5 {(05:38} 30. Rxa7 {(04:12} Nc3 {(00:
39} 31. Rxd7 {(00:41} Re2 {(00:25} 32. f4 {(01:54} h4
{(01:21} 33. gxh4 {(00:09} Nd5 {(00:25} 34. Rd8+ {
(03:17} Kh7 {(00:13} 35. Rf8 {(00:04} Ne3 {(00:
35} 36. h5 {(01:01} Rg2+ {(00:13} 37. Kh1 {(00:05} Rb2
{(01:19} 38. h3 {(00:28} Nf1 {(00:47} 39. Nf7 {(
02:35} Ng3+ {(00:37} 40. Kg1 {(00:00} Nxh5 {(00:00}
41. f5 {(01:16} 1-0

[Event "42nd Olympiad Baku 2016 Open"]
[Site "Baku"]
[Date "2016.09.02"]
[Round "1.16"]
[White "Mastrovasilis, Athanasios"]
[Black "Mathews, Cesar"]
[Result "1/2-1/2"]
[ECO "A35"]
[WhiteElo "2555"]
[BlackElo "2116"]
[PlyCount "144"]
[EventDate "2016.??.??"]
[EventCountry "AZE"]
[WhiteTeam "Griechenland"]
[BlackTeam "Panama"]
[WhiteTeamCountry "GRE"]
[BlackTeamCountry "PAN"]
[TimeControl "40/5400+30:1800+30"]
[WhiteClock "0:00:42"]
[BlackClock "0:02:20"]

1. c4 {(00:00} Nf6 {(00:00} 2. Nf3 {(00:34} c5 {
(00:52} 3. Nc3 {(00:54} Nc6 {(01:09} 4. d4 {(00:
56} cxd4 {(02:02} 5. Nxd4 {(00:06} a6 {(01:08} 6. e4 {
(04:17} Qc7 {(13:59} 7. Be2 {(07:52} e6 {(08:57]
} 8. Be3 {(05:03} Bb4 {(07:59} 9. Nxc6 {(01:59} Bxc3+ {
(08:48} 10. bxc3 {(00:14} dxc6 {(00:04} 11. O-O {
(11:30} O-O {(04:51} 12. f3 {(14:32} c5 {(15:04]
} 13. Rb1 {(02:09} Rd8 {(13:14} 14. Qe1 {(06:17} Nd7 {
(05:32} 15. Qh4 {(03:22} b6 {(05:57} 16. Qe7 {(
03:25} Bb7 {(04:31} 17. Rfd1 {(19:26} Bc6 {(00:04} 18.
Rb2 {(07:14} Ba4 {(01:38} 19. Qd6 {(04:45} Rac8 {
(02:12} 20. Qxc7 {(02:22} Rxc7 {(00:04} 21. Rd6 {
(00:12} Rc6 {(00:07} 22. Rd3 {(00:47} f6 {(01:
25} 23. f4 {(00:44} Rcc8 {(00:42} 24. Bf3 {(01:10} Kf7
{(01:00} 25. Rbd2 {(00:57} Ke7 {(00:21} 26. e5 {
(01:11} h6 {(00:32} 27. Bb7 {(00:42} Rb8 {(00:
19} 28. exf6+ {(00:29} Nxf6 {(00:22} 29. Rxd8 {(00:45}
Rxd8 {(00:05} 30. Bxa6 {(00:07} Ne4 {(00:29} 31. Rxd8 {
(00:37} Kxd8 {(00:04} 32. Bc1 {(00:36} Nxc3 {(
00:13} 33. Bb2 {(00:15} Ne2+ {(00:12} 34. Kf2 {(00:05}
Nxf4 {(00:26} 35. Bxg7 {(00:10} h5 {(01:44} 36. Kg3 {
(00:20} Nd3 {(01:16} 37. Kh4 {(01:12} Be8 {(00:
32} 38. Bb7 {(00:38} Kc7 {(00:32} 39. Bf3 {(00:47} Kd6
{(00:32} 40. Be4 {(00:00} Ne5 41. Bf8+ {(12:17} Kd7 {
(01:44} 42. Kg5 {(04:59} Nxc4 {(04:07} 43. h3 {(
01:34} Nd6 {(06:31} 44. Bc2 {(00:18} Kc7 {(03:05} 45.
Kf6 {(08:09} Nb5 {(02:08} 46. g4 {(01:42} hxg4 {
(08:30} 47. hxg4 {(00:01} Nd4 {(02:00} 48. Bd3 {
(00:20} Nf3 {(03:31} 49. g5 {(02:13} Nxg5 {(02:
04} 50. Kxg5 {(00:14} Bc6 {(00:22} 51. Kf6 {(01:07}
Bd5 {(00:18} 52. a3 {(00:26} Kc6 {(00:50} 53. a4 {
(02:56} Bb3 {(00:43} 54. Bb5+ {(01:23} Kd5 {(00:
53} 55. Bd7 {(00:11} Kc4 {(00:42} 56. Kxe6 {(00:49}
Kb4+ {(00:09} 57. Kd6 {(00:08} Bxa4 {(00:09} 58. Bf5 {
(00:19} c4 {(00:59} 59. Kc7+ {(00:33} Kb3 {(00:
08} 60. Kxb6 {(00:27} c3 {(00:13} 61. Ka5 {(00:48} Be8
{(01:07} 62. Be6+ {(00:33} Kb2 {(00:12} 63. Bg7 {
(00:41} Kc2 {(01:35} 64. Kb4 {(00:10} Kd3 {(00:
09} 65. Bf5+ {(00:10} Ke3 {(00:15} 66. Kxc3 {(00:16}
Bc6 {(00:08} 67. Bh6+ {(00:10} Kf3 {(00:10} 68. Kd4 {
(00:12} Kg2 {(00:40} 69. Ke3 {(00:24} Bb7 {(00:
20} 70. Bf4 {(01:11} Bc6 {(00:10} 71. Bg4 {(01:11} Bb7
{(00:20} 72. Bf5 {(00:45} Bc6 1/2-1/2

[Event "42nd Olympiad Baku 2016 Open"]
[Site "Baku"]
[Date "2016.09.02"]
[Round "1.14"]
[White "Mastrovasilis, Dimitrios"]
[Black "Ulloa, Ruben Guillermo"]
[Result "1-0"]
[ECO "B47"]
[WhiteElo "2601"]
[BlackElo "2128"]
[PlyCount "103"]
[EventDate "2016.??.??"]
[EventCountry "AZE"]
[WhiteTeam "Griechenland"]
[BlackTeam "Panama"]
[WhiteTeamCountry "GRE"]
[BlackTeamCountry "PAN"]
[TimeControl "40/5400+30:1800+30"]
[WhiteClock "0:25:17"]
[BlackClock "0:27:53"]

1. e4 {(00:00} c5 {(00:00} 2. Nf3 {(00:00} e6 {(
00:00} 3. d4 {(00:21} cxd4 {(00:00} 4. Nxd4 {(00:07}
Nc6 {(00:04} 5. Nc3 {(01:29} Qc7 {(00:11} 6. Be2 {
(03:43} Nf6 {(00:19} 7. O-O {(00:10} Be7 {(00:
09} 8. Kh1 {(01:46} O-O {(00:18} 9. f4 {(00:43} d6 {
(05:35} 10. Be3 {(00:49} Nxd4 {(00:18} 11. Qxd4 {
(00:30} b6 {(00:17} 12. Bf3 {(39:07} Bb7 {(02:
18} 13. Rad1 {(00:42} Rfd8 {(06:19} 14. f5 {(10:29}
exf5 {(18:37} 15. exf5 {(00:20} d5 {(00:13} 16. Qf4 {
(08:50} Qxf4 {(03:17} 17. Bxf4 {(00:08} Rac8 {(
00:06} 18. Rfe1 {(17:11} Bb4 {(04:03} 19. Bd2 {(00:08}
Ne4 {(07:36} 20. Bxe4 {(01:20} dxe4 {(02:00} 21. a3 {
(00:08} Bf8 {(03:30} 22. Be3 {(01:46} f6 {(03:
48} 23. Kg1 {(04:26} g6 {(07:50} 24. Nb5 {(02:29} Rxd1
{(06:07} 25. Rxd1 {(00:03} Rxc2 {(00:16} 26. Rd8 {
(01:39} g5 {(14:24} 27. Nd4 {(02:36} Rc8 {(02:
17} 28. Rd7 {(00:02} Ba6 {(05:52} 29. Rxa7 {(00:43}
Bc4 {(00:09} 30. Kf2 {(00:34} Bd6 {(00:49} 31. h3 {
(01:36} h6 {(02:17} 32. Rb7 {(00:26} Rb8 {(01:
25} 33. Rd7 {(00:10} Bf8 {(01:15} 34. Nc6 {(01:08} Rc8
{(00:50} 35. Na7 {(00:07} Rb8 {(00:37} 36. Nc6 {
(00:47} Rc8 {(00:13} 37. Na7 {(00:15} Rb8 {(00:
08} 38. Bd4 {(00:06} Bc5 {(02:52} 39. Ke3 {(00:38} Re8
{(02:16} 40. Bxc5 {(00:00} bxc5 {(00:00} 41. Nc6 {
(04:31} Bf7 {(02:02} 42. a4 {(02:49} Ra8 {(03:
31} 43. Rd8+ {(01:04} Rxd8 {(00:25} 44. Nxd8 {(00:07}
Bd5 {(00:27} 45. Ne6 {(02:27} c4 {(00:41} 46. Nc7 {
(01:07} Bc6 {(00:41} 47. a5 {(00:08} Kf7 {(00:
08} 48. a6 {(00:10} Ke7 {(00:10} 49. a7 {(00:21} Kd7 {
(00:21} 50. a8=Q {(00:15} Bxa8 {(00:11} 51. Nxa8 {
(00:06} Kc6 {(00:25} 52. Kxe4 {(00:06} 1-0

[Event "42nd Olympiad Baku 2016 Open"]
[Site "Baku"]
[Date "2016.09.02"]
[Round "1.4"]
[White "Maung, Maung Kyaw Zaw Hein"]
[Black "Sanikidze, Tornike"]
[Result "0-1"]
[ECO "A04"]
[WhiteElo "2031"]
[BlackElo "2497"]
[PlyCount "74"]
[EventDate "2016.??.??"]
[EventCountry "AZE"]
[WhiteTeam "Myanmar"]
[BlackTeam "Georgien"]
[WhiteTeamCountry "MYA"]
[BlackTeamCountry "GEO"]
[TimeControl "40/5400+30:1800+30"]
[WhiteClock "0:02:55"]
[BlackClock "0:29:20"]

1. Nf3 {(00:00} d6 {(00:00} 2. d4 {(00:00} g6 {(
00:01} 3. c4 {(00:18} Bg7 {(00:07} 4. Nc3 {(00:12} Bg4
{(00:13} 5. h3 {(02:51} Bxf3 {(00:57} 6. exf3 {(
00:49} e6 {(00:51} 7. Be3 {(01:29} Ne7 {(01:19} 8. Be2
{(05:42} O-O {(02:43} 9. O-O {(01:25} Nf5 {(02:
42} 10. Rc1 {(03:56} c6 {(07:22} 11. d5 {(14:41} exd5
{(03:55} 12. cxd5 {(00:59} Nxe3 {(01:29} 13. fxe3 {
(00:14} c5 {(00:32} 14. Qd2 {(04:41} Re8 {(01:
36} 15. Kh2 {(05:17} a6 {(01:25} 16. a4 {(01:10} Qe7 {
(03:21} 17. e4 {(03:07} Nd7 {(10:30} 18. g3 {(
03:15} Reb8 {(06:38} 19. Ra1 {(01:35} Rc8 {(08:13} 20.
Bc4 {(05:40} Ne5 {(01:21} 21. Qe2 {(01:09} Rab8 {
(01:22} 22. a5 {(01:43} b5 {(03:24} 23. axb6 {(
00:25} Nxc4 {(00:07} 24. Qxc4 {(00:18} Rxb6 {(00:06}
25. Rf2 {(06:16} Rcb8 {(00:36} 26. Ra2 {(02:13} h5 {
(07:11} 27. f4 {(05:48} h4 {(01:07} 28. g4 {(05:
38} Bd4 {(02:08} 29. Rg2 {(04:24} g5 {(01:27} 30. fxg5
{(05:14} Qxg5 {(02:49} 31. Ne2 {(10:08} Rxb2 {(
01:37} 32. Rxb2 {(01:35} Rxb2 {(00:13} 33. Qxa6 {(02:
27} Qe5+ {(00:36} 34. Kh1 {(00:18} Rb1+ {(00:15} 35.
Ng1 {(00:12} Rxg1+ {(00:41} 36. Rxg1 {(00:09} Qxe4+ {
(00:09} 37. Rg2 {(00:17} Qe1+ {(00:07} 0-1